 Dungeon Crawl Stone Soup version 0.18.1-8-gdd0e5ea (webtiles) character file.

683 Implojin the Skirmisher (level 7, 0/58 HPs)
             Began as a Mummy Monk on May 22, 2016.
             Slain by an ogre
             ... wielding a +0 giant club
              (14 damage)
             ... on level 5 of the Dungeon.
             The game lasted 00:15:51 (8134 turns).

Implojin the Skirmisher (Mummy Monk)                Turns: 8134, Time: 00:15:51

Health: 0/58       AC:  2    Str: 15    XL:     7   Next: 35%
Magic:  7/7        EV: 13    Int:  9    God:
Gold:   211        SH:  0    Dex: 16    Spells: 0 memorised, 6 levels left

rFire  x . .     SeeInvis .       - Unarmed
rCold  + . .     Gourm    .     (no armour)
rNeg   + + +     Faith    .     (no shield)
rPois  ∞         Spirit   .     a - +0 helmet
rElec  .         Dismiss  .     g - +0 cloak
rCorr  .         Reflect  .     (no gloves)
SustAt .         Harm     .     (no boots)
MR     .....                    (no amulet)
Stlth  ++........               (no ring)
                                b - ring of poison resistance

@: not resistant to hostile enchantments, unstealthy
A: no food or potions, fire vulnerability, cold resistance 1, negative energy
resistance 3, torment resistance, unbreathing
a: no special abilities


You were on level 5 of the Dungeon.
You were not hungry.

You visited 1 branch of the dungeon, and saw 6 of its levels.

You collected 211 gold pieces.

Inventory:

Armour
 a - a +0 helmet (worn)
 e - a +0 helmet
 g - a +0 cloak (worn)
Jewellery
 b - a ring of poison resistance (left hand)
 h - an uncursed ring of ice
 j - an uncursed ring of stealth {unknown}
Wands
 m - a wand of random effects (7/48)
 o - a wand of confusion (34/48)
Scrolls
 c - 2 scrolls of identify
 d - 2 scrolls of remove curse
 f - 2 scrolls of teleportation
 i - a scroll of recharging
 n - a scroll of amnesia {unknown}
 p - a scroll of holy word {unknown}
Books
 l - a Young Poisoner's Handbook

   Spells                             Type                      Level
   a - Sting                          Conjuration/Poison           1
   b - Cure Poison                    Poison                       2
   c - Mephitic Cloud                 Conjuration/Poison/Air       3
   d - Olgreb's Toxic Radiance        Poison                       4
   e - Venom Bolt                     Conjuration/Poison           5
Comestibles
 k - a bread ration


   Skills:
 - Level 6.2 Fighting
 * Level 2.4 Dodging
 - Level 1.5 Stealth
 - Level 6.0 Unarmed Combat


You had 6 spell levels left.
You didn't know any spells.

Dungeon Overview and Level Annotations

Branches:
Dungeon (6/15)             Temple (0/1) D:4

Altars:
Ashenzari
Cheibriados
Dithmenos
Elyvilon
Okawaru
Qazlal
Ru
Xom
Yredelemnul

Shops:
D:4 [

Annotations:
D:5 exclusions: ogre and 8 more exclusions, Sigmund


Innate Abilities, Weirdness & Mutations

You do not eat or drink.
Your flesh is vulnerable to fire.
You are immune to poison.
Your flesh is cold resistant.
You are immune to negative energy.
You are immune to unholy pain and torment.
You can survive without breathing.


Message History

You hit the ogre.
The ogre is severely wounded.
The ogre hits you with a giant club!
* * * LOW HITPOINT WARNING * * *
You hit the ogre.
The ogre is almost dead.
You closely miss the ogre.
The ogre is almost dead.
The ogre barely misses you.
You hit the ogre.
The ogre is almost dead.
The ogre hits you with a giant club!
* * * LOW HITPOINT WARNING * * *
There is an open door here.
There is an open door here.
There is an open door here.
You hit the ogre.
The ogre is almost dead.
The ogre hits you with a giant club!!
* * * LOW HITPOINT WARNING * * *
There is an open door here.
There is an open door here.
There is a stone staircase leading down here.
There is an open door here.
There is a stone staircase leading down here.
There is an open door here.
There is a stone staircase leading down here.
You climb downwards.
A worm, a jelly and a worker ant come into view.
There is a stone staircase leading up here.
Unknown command.
You climb upwards.
Level annotation: exclusions: ogre and 8 more exclusions, Sigmund The ogre barely misses you.
There is a stone staircase leading down here.
Unknown command.
The ogre hits you with a giant club!
* * * LOW HITPOINT WARNING * * *
The ogre hits you with a giant club!
You die...

##### #####......##### ##
....##########......^.^..≈^§## .
....'.......##....≈##^≈.≈≈##.####
....#######.##....^#^#^..#≈#^....
##...# #.##.....###≈.≈≈^#^###.
##...######.###'#'.^..^.§§.^.#...
.>..............#......_.........
#....###.##.###...≈^≈^^.^^..≈....
#....# #.##.###O@.^##.≈.^##......
#.######...........###..≈##^....#
..........#.#####.≈##≈≈......#...
#.#####...............(.≈^^≈##..#
..#.........#####...#...###.##..#
#.#.###.....### #...#..## #.##..<
#.#.###........##.....#####......
#....................(...........
#.#.###..#.......................


You could see an ogre.

Vanquished Creatures
  A centaur (D:5)
  An ice beast (D:5)
  A giant frog (D:5)
  A scorpion (D:4)
  A giant frog zombie (D:4)
  A hound (D:3)
  3 orc priests
  An orc wizard (D:3)
  2 iguanas (D:5)
  A worker ant zombie (D:5)
  7 adders
  A shadow imp (D:5)
  An ooze (D:1)
  2 worms
  2 dart slugs
  A giant gecko (D:5)
  7 orcs
  4 ball pythons
  10 bats
  6 giant cockroaches
  4 goblins
  6 hobgoblins
  6 jackals
  A quokka (D:5)
  4 giant newts
  8 kobolds
  8 rats
  A butterfly (D:5)
92 creatures vanquished.

Notes
Turn   | Place    | Note
--------------------------------------------------------------
     0 | D:1      | Implojin the Mummy Monk began the quest for the Orb.
     0 | D:1      | Reached XP level 1. HP: 18/18 MP: 1/1
   145 | D:1      | Reached XP level 2. HP: 10/24 MP: 2/2
   708 | D:1      | Reached skill level 4 in Unarmed Combat
  1299 | D:1      | Reached XP level 3. HP: 24/29 MP: 3/3
  1870 | D:2      | Found an iron altar of Okawaru.
  2291 | D:1      | Reached XP level 4. HP: 13/35 MP: 4/4
  2542 | D:2      | Found a basalt altar of Yredelemnul.
  3153 | D:3      | Found a shattered altar of Ashenzari.
  3235 | D:3      | Found a sacrificial altar of Ru.
  3435 | D:3      | Reached skill level 5 in Unarmed Combat
  3625 | D:3      | Reached XP level 5. HP: 29/41 MP: 5/5
  4223 | D:4      | Found a staircase to the Ecumenical Temple.
  4227 | D:4      | Found a snail-covered altar of Cheibriados.
  4308 | D:4      | Found Ocoufog's Armour Boutique.
  4345 | D:4      | Found a shadowy altar of Dithmenos.
  4628 | D:4      | Reached skill level 4 in Fighting
  5398 | D:3      | Reached skill level 5 in Fighting
  5524 | D:3      | Reached XP level 6. HP: 45/51 MP: 6/6
  5918 | D:5      | Entered Level 5 of the Dungeon
  5927 | D:5      | Noticed an ice beast
  5938 | D:5      | Killed an ice beast
  6194 | D:5      | Reached skill level 6 in Unarmed Combat
  6429 | D:5      | Found a stormy altar of Qazlal.
  6467 | D:5      | Noticed Sigmund
  6476 | D:5      | Found a shimmering altar of Xom.
  6614 | D:5      | Reached XP level 7. HP: 25/56 MP: 7/7
  6892 | D:5      | Found a white marble altar of Elyvilon.
  7535 | D:5      | Reached skill level 6 in Fighting
  8134 | D:5      | Slain by an ogre

Skill      XL: |  1  2  3  4  5  6  7 |
---------------+----------------------+-----
Unarmed Combat | 4 5 6 |  6.0
Fighting       | 5 6 |  6.2
Dodging        | |  2.4
Stealth        | |  1.5

Action                   |  1- 3 |  4- 6 |  7- 9 || total
-------------------------+-------+-------+-------++-------
Melee: Unarmed           |   167 |   214 |    62 ||   443
       Punch             |     3 |     7 |     5 ||    15
  Use: Scroll            |     3 |     2 |     1 ||     6
 Stab: Distracted        |     1 |       |       ||     1
       Sleeping          |     2 |     4 |       ||     6
Armor: Skin              |    21 |    18 |       ||    39
Dodge: Dodged            |   131 |   122 |    40 ||   293

Table legend:
 A = Turns spent in this place as a percentage of turns spent in the entire game.
 B = Non-inter-level travel turns spent in this place as a percentage of non-inter-level travel turns spent in the entire game.
 C = Inter-level travel turns spent in this place as a percentage of turns spent in this place.
 D = Turns resting spent in this place as a percentage of non-inter-level travel turns spent in this place.
 E = Turns spent auto-exploring this place as a percentage of non-inter-level travel turns spent in this place.
 F = Non-inter-level travel turns spent in this place divided by the number of levels of this place that you've seen.
                   A       B       C       D       E      F
               +-------+-------+-------+-------+-------+----------------------
         Total | 100.0 | 100.0 |   0.2 |   4.3 |   5.9 | 367.8
       Dungeon | 100.0 | 100.0 |   0.2 |   4.3 |   5.9 | 367.8
               +-------+-------+-------+-------+-------+----------------------

Table legend:
 A = Kills in this place as a percentage of kills in entire the game.
 B = Kills by you in this place as a percentage of kills by you in the entire game.
 C = Kills by friends in this place as a percentage of kills by friends in the entire game.
 D = Other kills in this place as a percentage of other kills in the entire game.
 E = Experience gained in this place as a percentage of experience gained in the entire game.
 F = Experience gained in this place divided by the number of levels of this place that you have seen.
                   A       B       C       D       E      F
               +-------+-------+-------+-------+-------+----------------------
         Total | 100.0 | 100.0 |  -nan |  -nan | 100.0 | 162.8
       Dungeon | 100.0 | 100.0 |  -nan |  -nan | 100.0 | 162.8
               +-------+-------+-------+-------+-------+----------------------
